%YAML 1.1
%TAG !u! tag:unity3d.com,2011:
--- !u!1 &3107727255237071244
GameObject:
  m_ObjectHideFlags: 0
  m_CorrespondingSourceObject: {fileID: 0}
  m_PrefabInstance: {fileID: 0}
  m_PrefabAsset: {fileID: 0}
  serializedVersion: 6
  m_Component:
  - component: {fileID: 3107727255237071245}
  - component: {fileID: 9063466443123774605}
  - component: {fileID: 9063466442487419278}
  m_Layer: 5
  m_Name: SetttingsView
  m_TagString: Untagged
  m_Icon: {fileID: 0}
  m_NavMeshLayer: 0
  m_StaticEditorFlags: 0
  m_IsActive: 1
--- !u!224 &3107727255237071245
RectTransform:
  m_ObjectHideFlags: 0
  m_CorrespondingSourceObject: {fileID: 0}
  m_PrefabInstance: {fileID: 0}
  m_PrefabAsset: {fileID: 0}
  m_GameObject: {fileID: 3107727255237071244}
  m_LocalRotation: {x: 0, y: 0, z: 0, w: 1}
  m_LocalPosition: {x: 0, y: 0, z: 0}
  m_LocalScale: {x: 1, y: 1, z: 1}
  m_Children:
  - {fileID: 9063466442918835325}
  - {fileID: 1886176677686937659}
  m_Father: {fileID: 0}
  m_RootOrder: 0
  m_LocalEulerAnglesHint: {x: 0, y: 0, z: 0}
  m_AnchorMin: {x: 0, y: 0}
  m_AnchorMax: {x: 1, y: 1}
  m_AnchoredPosition: {x: 0, y: 0}
  m_SizeDelta: {x: 0, y: 0}
  m_Pivot: {x: 0.5, y: 0.5}
--- !u!225 &9063466443123774605
CanvasGroup:
  m_ObjectHideFlags: 0
  m_CorrespondingSourceObject: {fileID: 0}
  m_PrefabInstance: {fileID: 0}
  m_PrefabAsset: {fileID: 0}
  m_GameObject: {fileID: 3107727255237071244}
  m_Enabled: 1
  m_Alpha: 1
  m_Interactable: 1
  m_BlocksRaycasts: 1
  m_IgnoreParentGroups: 0
--- !u!114 &9063466442487419278
MonoBehaviour:
  m_ObjectHideFlags: 0
  m_CorrespondingSourceObject: {fileID: 0}
  m_PrefabInstance: {fileID: 0}
  m_PrefabAsset: {fileID: 0}
  m_GameObject: {fileID: 3107727255237071244}
  m_Enabled: 1
  m_EditorHideFlags: 0
  m_Script: {fileID: 11500000, guid: d95097522188b45808709101450b9b6f, type: 3}
  m_Name: 
  m_EditorClassIdentifier: 
  m_viewId: 200
  m_fadingTime: 0.2
  m_timeBeforeAppearance: 0
  m_timeAfterDisappearance: 0
  m_PauseTimeScale: 1
--- !u!1 &9063466442918835322
GameObject:
  m_ObjectHideFlags: 0
  m_CorrespondingSourceObject: {fileID: 0}
  m_PrefabInstance: {fileID: 0}
  m_PrefabAsset: {fileID: 0}
  serializedVersion: 6
  m_Component:
  - component: {fileID: 9063466442918835325}
  - component: {fileID: 9063466442918835327}
  - component: {fileID: 9063466442918835324}
  m_Layer: 5
  m_Name: Background
  m_TagString: Untagged
  m_Icon: {fileID: 0}
  m_NavMeshLayer: 0
  m_StaticEditorFlags: 0
  m_IsActive: 1
--- !u!224 &9063466442918835325
RectTransform:
  m_ObjectHideFlags: 0
  m_CorrespondingSourceObject: {fileID: 0}
  m_PrefabInstance: {fileID: 0}
  m_PrefabAsset: {fileID: 0}
  m_GameObject: {fileID: 9063466442918835322}
  m_LocalRotation: {x: 0, y: 0, z: 0, w: 1}
  m_LocalPosition: {x: 0, y: 0, z: 0}
  m_LocalScale: {x: 1, y: 1, z: 1}
  m_Children: []
  m_Father: {fileID: 3107727255237071245}
  m_RootOrder: 0
  m_LocalEulerAnglesHint: {x: 0, y: 0, z: 0}
  m_AnchorMin: {x: 0, y: 0}
  m_AnchorMax: {x: 1, y: 1}
  m_AnchoredPosition: {x: 0, y: 0}
  m_SizeDelta: {x: 0, y: 0}
  m_Pivot: {x: 0.5, y: 0.5}
--- !u!222 &9063466442918835327
CanvasRenderer:
  m_ObjectHideFlags: 0
  m_CorrespondingSourceObject: {fileID: 0}
  m_PrefabInstance: {fileID: 0}
  m_PrefabAsset: {fileID: 0}
  m_GameObject: {fileID: 9063466442918835322}
  m_CullTransparentMesh: 0
--- !u!114 &9063466442918835324
MonoBehaviour:
  m_ObjectHideFlags: 0
  m_CorrespondingSourceObject: {fileID: 0}
  m_PrefabInstance: {fileID: 0}
  m_PrefabAsset: {fileID: 0}
  m_GameObject: {fileID: 9063466442918835322}
  m_Enabled: 1
  m_EditorHideFlags: 0
  m_Script: {fileID: 11500000, guid: fe87c0e1cc204ed48ad3b37840f39efc, type: 3}
  m_Name: 
  m_EditorClassIdentifier: 
  m_Material: {fileID: 0}
  m_Color: {r: 0, g: 0, b: 0, a: 0.2509804}
  m_RaycastTarget: 1
  m_Maskable: 1
  m_OnCullStateChanged:
    m_PersistentCalls:
      m_Calls: []
  m_Sprite: {fileID: 0}
  m_Type: 0
  m_PreserveAspect: 0
  m_FillCenter: 1
  m_FillMethod: 4
  m_FillAmount: 1
  m_FillClockwise: 1
  m_FillOrigin: 0
  m_UseSpriteMesh: 0
  m_PixelsPerUnitMultiplier: 1
--- !u!1001 &8793085480097436591
PrefabInstance:
  m_ObjectHideFlags: 0
  serializedVersion: 2
  m_Modification:
    m_TransformParent: {fileID: 3107727255237071245}
    m_Modifications:
    - target: {fileID: 15031598229373995, guid: 2bb669f21d88b4144825602a05892d6a,
        type: 3}
      propertyPath: m_AnchorMin.y
      value: 0
      objectReference: {fileID: 0}
    - target: {fileID: 15031598229373995, guid: 2bb669f21d88b4144825602a05892d6a,
        type: 3}
      propertyPath: m_AnchorMax.y
      value: 0
      objectReference: {fileID: 0}
    - target: {fileID: 15031598229373995, guid: 2bb669f21d88b4144825602a05892d6a,
        type: 3}
      propertyPath: m_AnchoredPosition.x
      value: 0
      objectReference: {fileID: 0}
    - target: {fileID: 15031598229373995, guid: 2bb669f21d88b4144825602a05892d6a,
        type: 3}
      propertyPath: m_AnchoredPosition.y
      value: 0
      objectReference: {fileID: 0}
    - target: {fileID: 15031598229373995, guid: 2bb669f21d88b4144825602a05892d6a,
        type: 3}
      propertyPath: m_SizeDelta.x
      value: 0
      objectReference: {fileID: 0}
    - target: {fileID: 15031598229373995, guid: 2bb669f21d88b4144825602a05892d6a,
        type: 3}
      propertyPath: m_SizeDelta.y
      value: 0
      objectReference: {fileID: 0}
    - target: {fileID: 880757591066156841, guid: 2bb669f21d88b4144825602a05892d6a,
        type: 3}
      propertyPath: m_AnchorMin.y
      value: 0
      objectReference: {fileID: 0}
    - target: {fileID: 880757591066156841, guid: 2bb669f21d88b4144825602a05892d6a,
        type: 3}
      propertyPath: m_AnchorMax.y
      value: 0
      objectReference: {fileID: 0}
    - target: {fileID: 880757591066156841, guid: 2bb669f21d88b4144825602a05892d6a,
        type: 3}
      propertyPath: m_AnchoredPosition.x
      value: 0
      objectReference: {fileID: 0}
    - target: {fileID: 880757591066156841, guid: 2bb669f21d88b4144825602a05892d6a,
        type: 3}
      propertyPath: m_AnchoredPosition.y
      value: 0
      objectReference: {fileID: 0}
    - target: {fileID: 880757591066156841, guid: 2bb669f21d88b4144825602a05892d6a,
        type: 3}
      propertyPath: m_SizeDelta.x
      value: 0
      objectReference: {fileID: 0}
    - target: {fileID: 1103789591465605746, guid: 2bb669f21d88b4144825602a05892d6a,
        type: 3}
      propertyPath: m_textInfo.characterCount
      value: 8
      objectReference: {fileID: 0}
    - target: {fileID: 1103789591465605746, guid: 2bb669f21d88b4144825602a05892d6a,
        type: 3}
      propertyPath: m_textInfo.spaceCount
      value: 0
      objectReference: {fileID: 0}
    - target: {fileID: 1103789591465605746, guid: 2bb669f21d88b4144825602a05892d6a,
        type: 3}
      propertyPath: m_textInfo.wordCount
      value: 1
      objectReference: {fileID: 0}
    - target: {fileID: 1103789591465605746, guid: 2bb669f21d88b4144825602a05892d6a,
        type: 3}
      propertyPath: m_textInfo.lineCount
      value: 1
      objectReference: {fileID: 0}
    - target: {fileID: 1103789591465605746, guid: 2bb669f21d88b4144825602a05892d6a,
        type: 3}
      propertyPath: m_textInfo.pageCount
      value: 1
      objectReference: {fileID: 0}
    - target: {fileID: 2256829342100878530, guid: 2bb669f21d88b4144825602a05892d6a,
        type: 3}
      propertyPath: m_textInfo.characterCount
      value: 15
      objectReference: {fileID: 0}
    - target: {fileID: 2256829342100878530, guid: 2bb669f21d88b4144825602a05892d6a,
        type: 3}
      propertyPath: m_textInfo.spaceCount
      value: 1
      objectReference: {fileID: 0}
    - target: {fileID: 2256829342100878530, guid: 2bb669f21d88b4144825602a05892d6a,
        type: 3}
      propertyPath: m_textInfo.wordCount
      value: 2
      objectReference: {fileID: 0}
    - target: {fileID: 2256829342100878530, guid: 2bb669f21d88b4144825602a05892d6a,
        type: 3}
      propertyPath: m_textInfo.lineCount
      value: 1
      objectReference: {fileID: 0}
    - target: {fileID: 2256829342100878530, guid: 2bb669f21d88b4144825602a05892d6a,
        type: 3}
      propertyPath: m_textInfo.pageCount
      value: 1
      objectReference: {fileID: 0}
    - target: {fileID: 2256829342100878530, guid: 2bb669f21d88b4144825602a05892d6a,
        type: 3}
      propertyPath: m_firstOverflowCharacterIndex
      value: -1
      objectReference: {fileID: 0}
    - target: {fileID: 2765256108749131419, guid: 2bb669f21d88b4144825602a05892d6a,
        type: 3}
      propertyPath: m_textInfo.characterCount
      value: 17
      objectReference: {fileID: 0}
    - target: {fileID: 2765256108749131419, guid: 2bb669f21d88b4144825602a05892d6a,
        type: 3}
      propertyPath: m_textInfo.spaceCount
      value: 1
      objectReference: {fileID: 0}
    - target: {fileID: 2765256108749131419, guid: 2bb669f21d88b4144825602a05892d6a,
        type: 3}
      propertyPath: m_textInfo.wordCount
      value: 2
      objectReference: {fileID: 0}
    - target: {fileID: 2765256108749131419, guid: 2bb669f21d88b4144825602a05892d6a,
        type: 3}
      propertyPath: m_textInfo.lineCount
      value: 1
      objectReference: {fileID: 0}
    - target: {fileID: 2765256108749131419, guid: 2bb669f21d88b4144825602a05892d6a,
        type: 3}
      propertyPath: m_textInfo.pageCount
      value: 1
      objectReference: {fileID: 0}
    - target: {fileID: 2765256108749131419, guid: 2bb669f21d88b4144825602a05892d6a,
        type: 3}
      propertyPath: m_firstOverflowCharacterIndex
      value: -1
      objectReference: {fileID: 0}
    - target: {fileID: 3821554762707068272, guid: 2bb669f21d88b4144825602a05892d6a,
        type: 3}
      propertyPath: m_AnchorMin.y
      value: 0
      objectReference: {fileID: 0}
    - target: {fileID: 3821554762707068272, guid: 2bb669f21d88b4144825602a05892d6a,
        type: 3}
      propertyPath: m_AnchorMax.y
      value: 0
      objectReference: {fileID: 0}
    - target: {fileID: 3821554762707068272, guid: 2bb669f21d88b4144825602a05892d6a,
        type: 3}
      propertyPath: m_AnchoredPosition.x
      value: 0
      objectReference: {fileID: 0}
    - target: {fileID: 3821554762707068272, guid: 2bb669f21d88b4144825602a05892d6a,
        type: 3}
      propertyPath: m_AnchoredPosition.y
      value: 0
      objectReference: {fileID: 0}
    - target: {fileID: 3821554762707068272, guid: 2bb669f21d88b4144825602a05892d6a,
        type: 3}
      propertyPath: m_SizeDelta.x
      value: 0
      objectReference: {fileID: 0}
    - target: {fileID: 4108567894189620850, guid: 2bb669f21d88b4144825602a05892d6a,
        type: 3}
      propertyPath: m_AnchorMin.y
      value: 0
      objectReference: {fileID: 0}
    - target: {fileID: 4108567894189620850, guid: 2bb669f21d88b4144825602a05892d6a,
        type: 3}
      propertyPath: m_AnchorMax.y
      value: 0
      objectReference: {fileID: 0}
    - target: {fileID: 4108567894189620850, guid: 2bb669f21d88b4144825602a05892d6a,
        type: 3}
      propertyPath: m_AnchoredPosition.x
      value: 0
      objectReference: {fileID: 0}
    - target: {fileID: 4108567894189620850, guid: 2bb669f21d88b4144825602a05892d6a,
        type: 3}
      propertyPath: m_AnchoredPosition.y
      value: 0
      objectReference: {fileID: 0}
    - target: {fileID: 4108567894189620850, guid: 2bb669f21d88b4144825602a05892d6a,
        type: 3}
      propertyPath: m_SizeDelta.x
      value: 0
      objectReference: {fileID: 0}
    - target: {fileID: 4108567894189620850, guid: 2bb669f21d88b4144825602a05892d6a,
        type: 3}
      propertyPath: m_SizeDelta.y
      value: 0
      objectReference: {fileID: 0}
    - target: {fileID: 4898301810578415778, guid: 2bb669f21d88b4144825602a05892d6a,
        type: 3}
      propertyPath: m_AnchorMin.y
      value: 0
      objectReference: {fileID: 0}
    - target: {fileID: 4898301810578415778, guid: 2bb669f21d88b4144825602a05892d6a,
        type: 3}
      propertyPath: m_AnchorMax.y
      value: 0
      objectReference: {fileID: 0}
    - target: {fileID: 4898301810578415778, guid: 2bb669f21d88b4144825602a05892d6a,
        type: 3}
      propertyPath: m_AnchoredPosition.y
      value: 0
      objectReference: {fileID: 0}
    - target: {fileID: 4898301810578415778, guid: 2bb669f21d88b4144825602a05892d6a,
        type: 3}
      propertyPath: m_SizeDelta.x
      value: 0
      objectReference: {fileID: 0}
    - target: {fileID: 4918373311066278392, guid: 2bb669f21d88b4144825602a05892d6a,
        type: 3}
      propertyPath: m_AnchorMin.y
      value: 0
      objectReference: {fileID: 0}
    - target: {fileID: 4918373311066278392, guid: 2bb669f21d88b4144825602a05892d6a,
        type: 3}
      propertyPath: m_AnchorMax.y
      value: 0
      objectReference: {fileID: 0}
    - target: {fileID: 4918373311066278392, guid: 2bb669f21d88b4144825602a05892d6a,
        type: 3}
      propertyPath: m_AnchoredPosition.x
      value: 0
      objectReference: {fileID: 0}
    - target: {fileID: 4918373311066278392, guid: 2bb669f21d88b4144825602a05892d6a,
        type: 3}
      propertyPath: m_AnchoredPosition.y
      value: 0
      objectReference: {fileID: 0}
    - target: {fileID: 4918373311066278392, guid: 2bb669f21d88b4144825602a05892d6a,
        type: 3}
      propertyPath: m_SizeDelta.x
      value: 0
      objectReference: {fileID: 0}
    - target: {fileID: 4918373311066278392, guid: 2bb669f21d88b4144825602a05892d6a,
        type: 3}
      propertyPath: m_SizeDelta.y
      value: 0
      objectReference: {fileID: 0}
    - target: {fileID: 5073174754967725454, guid: 2bb669f21d88b4144825602a05892d6a,
        type: 3}
      propertyPath: m_AnchorMin.y
      value: 0
      objectReference: {fileID: 0}
    - target: {fileID: 5073174754967725454, guid: 2bb669f21d88b4144825602a05892d6a,
        type: 3}
      propertyPath: m_AnchorMax.y
      value: 0
      objectReference: {fileID: 0}
    - target: {fileID: 5073174754967725454, guid: 2bb669f21d88b4144825602a05892d6a,
        type: 3}
      propertyPath: m_AnchoredPosition.x
      value: 0
      objectReference: {fileID: 0}
    - target: {fileID: 5073174754967725454, guid: 2bb669f21d88b4144825602a05892d6a,
        type: 3}
      propertyPath: m_AnchoredPosition.y
      value: 0
      objectReference: {fileID: 0}
    - target: {fileID: 5073174754967725454, guid: 2bb669f21d88b4144825602a05892d6a,
        type: 3}
      propertyPath: m_SizeDelta.x
      value: 0
      objectReference: {fileID: 0}
    - target: {fileID: 5073174754967725454, guid: 2bb669f21d88b4144825602a05892d6a,
        type: 3}
      propertyPath: m_SizeDelta.y
      value: 0
      objectReference: {fileID: 0}
    - target: {fileID: 5248941885694395847, guid: 2bb669f21d88b4144825602a05892d6a,
        type: 3}
      propertyPath: m_AnchorMin.y
      value: 0
      objectReference: {fileID: 0}
    - target: {fileID: 5248941885694395847, guid: 2bb669f21d88b4144825602a05892d6a,
        type: 3}
      propertyPath: m_AnchorMax.y
      value: 0
      objectReference: {fileID: 0}
    - target: {fileID: 5248941885694395847, guid: 2bb669f21d88b4144825602a05892d6a,
        type: 3}
      propertyPath: m_AnchoredPosition.y
      value: 0
      objectReference: {fileID: 0}
    - target: {fileID: 5248941885694395847, guid: 2bb669f21d88b4144825602a05892d6a,
        type: 3}
      propertyPath: m_SizeDelta.x
      value: 0
      objectReference: {fileID: 0}
    - target: {fileID: 5362958446477234005, guid: 2bb669f21d88b4144825602a05892d6a,
        type: 3}
      propertyPath: m_textInfo.characterCount
      value: 5
      objectReference: {fileID: 0}
    - target: {fileID: 5362958446477234005, guid: 2bb669f21d88b4144825602a05892d6a,
        type: 3}
      propertyPath: m_textInfo.wordCount
      value: 1
      objectReference: {fileID: 0}
    - target: {fileID: 5362958446477234005, guid: 2bb669f21d88b4144825602a05892d6a,
        type: 3}
      propertyPath: m_textInfo.lineCount
      value: 1
      objectReference: {fileID: 0}
    - target: {fileID: 5362958446477234005, guid: 2bb669f21d88b4144825602a05892d6a,
        type: 3}
      propertyPath: m_textInfo.pageCount
      value: 1
      objectReference: {fileID: 0}
    - target: {fileID: 5682068883853206867, guid: 2bb669f21d88b4144825602a05892d6a,
        type: 3}
      propertyPath: m_AnchorMin.y
      value: 0
      objectReference: {fileID: 0}
    - target: {fileID: 5682068883853206867, guid: 2bb669f21d88b4144825602a05892d6a,
        type: 3}
      propertyPath: m_AnchorMax.y
      value: 0
      objectReference: {fileID: 0}
    - target: {fileID: 5682068883853206867, guid: 2bb669f21d88b4144825602a05892d6a,
        type: 3}
      propertyPath: m_AnchoredPosition.x
      value: 0
      objectReference: {fileID: 0}
    - target: {fileID: 5682068883853206867, guid: 2bb669f21d88b4144825602a05892d6a,
        type: 3}
      propertyPath: m_AnchoredPosition.y
      value: 0
      objectReference: {fileID: 0}
    - target: {fileID: 5682068883853206867, guid: 2bb669f21d88b4144825602a05892d6a,
        type: 3}
      propertyPath: m_SizeDelta.x
      value: 0
      objectReference: {fileID: 0}
    - target: {fileID: 5820517875141799722, guid: 2bb669f21d88b4144825602a05892d6a,
        type: 3}
      propertyPath: m_AnchorMin.y
      value: 0
      objectReference: {fileID: 0}
    - target: {fileID: 5820517875141799722, guid: 2bb669f21d88b4144825602a05892d6a,
        type: 3}
      propertyPath: m_AnchorMax.y
      value: 0
      objectReference: {fileID: 0}
    - target: {fileID: 5820517875141799722, guid: 2bb669f21d88b4144825602a05892d6a,
        type: 3}
      propertyPath: m_AnchoredPosition.x
      value: 0
      objectReference: {fileID: 0}
    - target: {fileID: 5820517875141799722, guid: 2bb669f21d88b4144825602a05892d6a,
        type: 3}
      propertyPath: m_AnchoredPosition.y
      value: 0
      objectReference: {fileID: 0}
    - target: {fileID: 5820517875141799722, guid: 2bb669f21d88b4144825602a05892d6a,
        type: 3}
      propertyPath: m_SizeDelta.x
      value: 0
      objectReference: {fileID: 0}
    - target: {fileID: 5820517875141799722, guid: 2bb669f21d88b4144825602a05892d6a,
        type: 3}
      propertyPath: m_SizeDelta.y
      value: 0
      objectReference: {fileID: 0}
    - target: {fileID: 6765661034773388103, guid: 2bb669f21d88b4144825602a05892d6a,
        type: 3}
      propertyPath: m_AnchorMin.y
      value: 0
      objectReference: {fileID: 0}
    - target: {fileID: 6765661034773388103, guid: 2bb669f21d88b4144825602a05892d6a,
        type: 3}
      propertyPath: m_AnchorMax.y
      value: 0
      objectReference: {fileID: 0}
    - target: {fileID: 6765661034773388103, guid: 2bb669f21d88b4144825602a05892d6a,
        type: 3}
      propertyPath: m_AnchoredPosition.x
      value: 0
      objectReference: {fileID: 0}
    - target: {fileID: 6765661034773388103, guid: 2bb669f21d88b4144825602a05892d6a,
        type: 3}
      propertyPath: m_AnchoredPosition.y
      value: 0
      objectReference: {fileID: 0}
    - target: {fileID: 6765661034773388103, guid: 2bb669f21d88b4144825602a05892d6a,
        type: 3}
      propertyPath: m_SizeDelta.x
      value: 0
      objectReference: {fileID: 0}
    - target: {fileID: 6808789793391264616, guid: 2bb669f21d88b4144825602a05892d6a,
        type: 3}
      propertyPath: m_textInfo.characterCount
      value: 10
      objectReference: {fileID: 0}
    - target: {fileID: 6808789793391264616, guid: 2bb669f21d88b4144825602a05892d6a,
        type: 3}
      propertyPath: m_textInfo.wordCount
      value: 1
      objectReference: {fileID: 0}
    - target: {fileID: 6808789793391264616, guid: 2bb669f21d88b4144825602a05892d6a,
        type: 3}
      propertyPath: m_textInfo.lineCount
      value: 1
      objectReference: {fileID: 0}
    - target: {fileID: 6808789793391264616, guid: 2bb669f21d88b4144825602a05892d6a,
        type: 3}
      propertyPath: m_textInfo.pageCount
      value: 1
      objectReference: {fileID: 0}
    - target: {fileID: 6929451143385996180, guid: 2bb669f21d88b4144825602a05892d6a,
        type: 3}
      propertyPath: m_LocalPosition.x
      value: 0
      objectReference: {fileID: 0}
    - target: {fileID: 6929451143385996180, guid: 2bb669f21d88b4144825602a05892d6a,
        type: 3}
      propertyPath: m_LocalPosition.y
      value: 0
      objectReference: {fileID: 0}
    - target: {fileID: 6929451143385996180, guid: 2bb669f21d88b4144825602a05892d6a,
        type: 3}
      propertyPath: m_LocalPosition.z
      value: 0
      objectReference: {fileID: 0}
    - target: {fileID: 6929451143385996180, guid: 2bb669f21d88b4144825602a05892d6a,
        type: 3}
      propertyPath: m_LocalRotation.x
      value: -0
      objectReference: {fileID: 0}
    - target: {fileID: 6929451143385996180, guid: 2bb669f21d88b4144825602a05892d6a,
        type: 3}
      propertyPath: m_LocalRotation.y
      value: -0
      objectReference: {fileID: 0}
    - target: {fileID: 6929451143385996180, guid: 2bb669f21d88b4144825602a05892d6a,
        type: 3}
      propertyPath: m_LocalRotation.z
      value: -0
      objectReference: {fileID: 0}
    - target: {fileID: 6929451143385996180, guid: 2bb669f21d88b4144825602a05892d6a,
        type: 3}
      propertyPath: m_LocalRotation.w
      value: 1
      objectReference: {fileID: 0}
    - target: {fileID: 6929451143385996180, guid: 2bb669f21d88b4144825602a05892d6a,
        type: 3}
      propertyPath: m_RootOrder
      value: 1
      objectReference: {fileID: 0}
    - target: {fileID: 6929451143385996180, guid: 2bb669f21d88b4144825602a05892d6a,
        type: 3}
      propertyPath: m_LocalEulerAnglesHint.x
      value: 0
      objectReference: {fileID: 0}
    - target: {fileID: 6929451143385996180, guid: 2bb669f21d88b4144825602a05892d6a,
        type: 3}
      propertyPath: m_LocalEulerAnglesHint.y
      value: 0
      objectReference: {fileID: 0}
    - target: {fileID: 6929451143385996180, guid: 2bb669f21d88b4144825602a05892d6a,
        type: 3}
      propertyPath: m_LocalEulerAnglesHint.z
      value: 0
      objectReference: {fileID: 0}
    - target: {fileID: 6929451143385996180, guid: 2bb669f21d88b4144825602a05892d6a,
        type: 3}
      propertyPath: m_AnchoredPosition.x
      value: 0
      objectReference: {fileID: 0}
    - target: {fileID: 6929451143385996180, guid: 2bb669f21d88b4144825602a05892d6a,
        type: 3}
      propertyPath: m_AnchoredPosition.y
      value: -22.1
      objectReference: {fileID: 0}
    - target: {fileID: 6929451143385996180, guid: 2bb669f21d88b4144825602a05892d6a,
        type: 3}
      propertyPath: m_SizeDelta.x
      value: -320
      objectReference: {fileID: 0}
    - target: {fileID: 6929451143385996180, guid: 2bb669f21d88b4144825602a05892d6a,
        type: 3}
      propertyPath: m_SizeDelta.y
      value: 0
      objectReference: {fileID: 0}
    - target: {fileID: 6929451143385996180, guid: 2bb669f21d88b4144825602a05892d6a,
        type: 3}
      propertyPath: m_AnchorMin.x
      value: 0
      objectReference: {fileID: 0}
    - target: {fileID: 6929451143385996180, guid: 2bb669f21d88b4144825602a05892d6a,
        type: 3}
      propertyPath: m_AnchorMin.y
      value: 0.5
      objectReference: {fileID: 0}
    - target: {fileID: 6929451143385996180, guid: 2bb669f21d88b4144825602a05892d6a,
        type: 3}
      propertyPath: m_AnchorMax.x
      value: 1
      objectReference: {fileID: 0}
    - target: {fileID: 6929451143385996180, guid: 2bb669f21d88b4144825602a05892d6a,
        type: 3}
      propertyPath: m_AnchorMax.y
      value: 0.5
      objectReference: {fileID: 0}
    - target: {fileID: 6929451143385996180, guid: 2bb669f21d88b4144825602a05892d6a,
        type: 3}
      propertyPath: m_Pivot.x
      value: 0.5
      objectReference: {fileID: 0}
    - target: {fileID: 6929451143385996180, guid: 2bb669f21d88b4144825602a05892d6a,
        type: 3}
      propertyPath: m_Pivot.y
      value: 0.5
      objectReference: {fileID: 0}
    - target: {fileID: 7348509878302166641, guid: 2bb669f21d88b4144825602a05892d6a,
        type: 3}
      propertyPath: m_AnchorMin.y
      value: 0
      objectReference: {fileID: 0}
    - target: {fileID: 7348509878302166641, guid: 2bb669f21d88b4144825602a05892d6a,
        type: 3}
      propertyPath: m_AnchorMax.y
      value: 0
      objectReference: {fileID: 0}
    - target: {fileID: 7348509878302166641, guid: 2bb669f21d88b4144825602a05892d6a,
        type: 3}
      propertyPath: m_AnchoredPosition.x
      value: 0
      objectReference: {fileID: 0}
    - target: {fileID: 7348509878302166641, guid: 2bb669f21d88b4144825602a05892d6a,
        type: 3}
      propertyPath: m_AnchoredPosition.y
      value: 0
      objectReference: {fileID: 0}
    - target: {fileID: 7348509878302166641, guid: 2bb669f21d88b4144825602a05892d6a,
        type: 3}
      propertyPath: m_SizeDelta.x
      value: 0
      objectReference: {fileID: 0}
    - target: {fileID: 7431651989935746506, guid: 2bb669f21d88b4144825602a05892d6a,
        type: 3}
      propertyPath: m_AnchorMin.y
      value: 0
      objectReference: {fileID: 0}
    - target: {fileID: 7431651989935746506, guid: 2bb669f21d88b4144825602a05892d6a,
        type: 3}
      propertyPath: m_AnchorMax.y
      value: 0
      objectReference: {fileID: 0}
    - target: {fileID: 7431651989935746506, guid: 2bb669f21d88b4144825602a05892d6a,
        type: 3}
      propertyPath: m_AnchoredPosition.x
      value: 0
      objectReference: {fileID: 0}
    - target: {fileID: 7431651989935746506, guid: 2bb669f21d88b4144825602a05892d6a,
        type: 3}
      propertyPath: m_AnchoredPosition.y
      value: 0
      objectReference: {fileID: 0}
    - target: {fileID: 7431651989935746506, guid: 2bb669f21d88b4144825602a05892d6a,
        type: 3}
      propertyPath: m_SizeDelta.x
      value: 0
      objectReference: {fileID: 0}
    - target: {fileID: 7816894067762478998, guid: 2bb669f21d88b4144825602a05892d6a,
        type: 3}
      propertyPath: m_Name
      value: SettingsPopUp
      objectReference: {fileID: 0}
    - target: {fileID: 8544433246195525018, guid: 2bb669f21d88b4144825602a05892d6a,
        type: 3}
      propertyPath: m_textInfo.characterCount
      value: 23
      objectReference: {fileID: 0}
    - target: {fileID: 8544433246195525018, guid: 2bb669f21d88b4144825602a05892d6a,
        type: 3}
      propertyPath: m_textInfo.wordCount
      value: 3
      objectReference: {fileID: 0}
    - target: {fileID: 8544433246195525018, guid: 2bb669f21d88b4144825602a05892d6a,
        type: 3}
      propertyPath: m_textInfo.lineCount
      value: 1
      objectReference: {fileID: 0}
    - target: {fileID: 8544433246195525018, guid: 2bb669f21d88b4144825602a05892d6a,
        type: 3}
      propertyPath: m_textInfo.pageCount
      value: 1
      objectReference: {fileID: 0}
    - target: {fileID: 8740643400248295313, guid: 2bb669f21d88b4144825602a05892d6a,
        type: 3}
      propertyPath: m_AnchorMin.y
      value: 0
      objectReference: {fileID: 0}
    - target: {fileID: 8740643400248295313, guid: 2bb669f21d88b4144825602a05892d6a,
        type: 3}
      propertyPath: m_AnchorMax.y
      value: 0
      objectReference: {fileID: 0}
    - target: {fileID: 8740643400248295313, guid: 2bb669f21d88b4144825602a05892d6a,
        type: 3}
      propertyPath: m_AnchoredPosition.x
      value: 0
      objectReference: {fileID: 0}
    - target: {fileID: 8740643400248295313, guid: 2bb669f21d88b4144825602a05892d6a,
        type: 3}
      propertyPath: m_AnchoredPosition.y
      value: 0
      objectReference: {fileID: 0}
    - target: {fileID: 8740643400248295313, guid: 2bb669f21d88b4144825602a05892d6a,
        type: 3}
      propertyPath: m_SizeDelta.x
      value: 0
      objectReference: {fileID: 0}
    - target: {fileID: 8894370536080456296, guid: 2bb669f21d88b4144825602a05892d6a,
        type: 3}
      propertyPath: m_AnchorMin.y
      value: 0
      objectReference: {fileID: 0}
    - target: {fileID: 8894370536080456296, guid: 2bb669f21d88b4144825602a05892d6a,
        type: 3}
      propertyPath: m_AnchorMax.y
      value: 0
      objectReference: {fileID: 0}
    - target: {fileID: 8894370536080456296, guid: 2bb669f21d88b4144825602a05892d6a,
        type: 3}
      propertyPath: m_AnchoredPosition.x
      value: 0
      objectReference: {fileID: 0}
    - target: {fileID: 8894370536080456296, guid: 2bb669f21d88b4144825602a05892d6a,
        type: 3}
      propertyPath: m_AnchoredPosition.y
      value: 0
      objectReference: {fileID: 0}
    - target: {fileID: 8894370536080456296, guid: 2bb669f21d88b4144825602a05892d6a,
        type: 3}
      propertyPath: m_SizeDelta.x
      value: 0
      objectReference: {fileID: 0}
    m_RemovedComponents:
    - {fileID: 1648085216258259760, guid: 2bb669f21d88b4144825602a05892d6a, type: 3}
  m_SourcePrefab: {fileID: 100100000, guid: 2bb669f21d88b4144825602a05892d6a, type: 3}
--- !u!224 &1886176677686937659 stripped
RectTransform:
  m_CorrespondingSourceObject: {fileID: 6929451143385996180, guid: 2bb669f21d88b4144825602a05892d6a,
    type: 3}
  m_PrefabInstance: {fileID: 8793085480097436591}
  m_PrefabAsset: {fileID: 0}
